 Dungeon Crawl Stone Soup version 0.30-a0-629-gd54f4be4f7 (webtiles) character file.

Game seed: 15371872454110014588

250 Newt the Trooper (level 5, -2/42 HPs)
             Began as a Demonspawn Gladiator on Jan 12, 2023.
             Was a Believer of Ashenzari.
             Succumbed to a gnoll sergeant's poison
             ... on level 5 of the Dungeon.
             The game lasted 00:05:21 (3071 turns).

Newt the Trooper (Demonspawn Gladiator)             Turns: 3071, Time: 00:05:22

Health: -2/42      AC:  7    Str: 17    XL:     5   Next: 88%
Magic:  5/5        EV: 12    Int:  9    God:    Ashenzari [**....]
Gold:   175        SH:  0    Dex: 14    Spells: 4/4 levels left

rFire   . . .      SeeInvis +    y - +4 sling "Shackled With Me" {drain, rElec, Range, Bglg} (curse)
rCold   . . .      Faith    .    (no shield)
rNeg    . . .      Spirit   .    b - +0 leather armour
rPois   .          Reflect  .    (helmet restricted)
rElec   +          Harm     .    s - +1 cloak of Ashenzari's Optimism {Evo, Alch} (curse)
rCorr   .          Rampage  .    (no gloves)
Will    +....                    (no boots)
Stlth   ++                       (no amulet)
HPRegen 0.27/turn                f - ring of the Shackled Augur {Will+, Fort, Self} (curse)
MPRegen 0.09/turn                k - ring "Oracular Regret" {Wiz, Fort, Range} (curse)

@: lethally poisoned (-2 -> -32)
A: antennae 1, yellow scales 1, powered by death 1
a: Renounce Religion, Curse Item, Shatter the Chains


You were on level 5 of the Dungeon.
You worshipped Ashenzari.
Ashenzari was pleased with you.
You visited 1 branch of the dungeon, and saw 5 of its levels.

You collected 175 gold pieces.

Inventory:

Hand Weapons
 a - a +0 rapier
 y - the cursed +4 sling "Shackled With Me" (weapon) {drain, rElec, Range, Bglg}
   (You found it on level 3 of the Dungeon)

   rElec:     It insulates you from electricity.
   It has a curse which improves the following skills: Ranged Combat: Ranged
   Weapons and Throwing.
   Beguiling: Conjurations, Hexes and Translocations.
Missiles
 d - 3 throwing nets
 r - a javelin
Armour
 b - a +0 leather armour (worn)
 c - a +0 helmet
 o - a +0 cloak
 s - the cursed +1 cloak of Ashenzari's Optimism (worn) {Evo, Alch}
   (You found it on level 2 of the Dungeon)

   It has a curse which improves the following skills: Evocations: Evocations.
   Alchemy:   Poison Magic and Transmutations.
Jewellery
 f - the cursed ring of the Shackled Augur (left hand) {Will+, Fort, Self}
   (You found it on level 1 of the Dungeon)

   [ring of willpower]

   Will:      It increases your willpower.
   It has a curse which improves the following skills: Fortitude: Armour and
   Shields.
   Introspection: Fighting and Spellcasting.
 k - the cursed ring "Oracular Regret" (right hand) {Wiz, Fort, Range}
   (You found it on level 1 of the Dungeon)

   [ring of wizardry]

   It improves your spell success rate.
   It has a curse which improves the following skills: Fortitude: Armour and
   Shields.
   Ranged Combat: Ranged Weapons and Throwing.
 u - a ring of poison resistance
Wands
 z - a wand of mindburst (18)
 A - a wand of iceblast (10)
Scrolls
 g - a scroll of magic mapping
 i - 2 scrolls of amnesia
 m - 2 scrolls of teleportation
 n - 2 scrolls of enchant weapon
 p - 3 scrolls of identify
 v - a scroll of blinking
 w - a scroll of fog
Potions
 h - a potion of brilliance
 j - a potion of degeneration
 l - a potion of haste
 t - a potion of resistance
 x - a potion of flight


   Skills:
 - Level 3.2(4.3) Fighting
 - Level 2.6 Short Blades
 + Level 3.0(4.7) Ranged Weapons
 - Level 1.7(3.1) Throwing
 - Level 1.5(2.9) Armour
 - Level 2.6 Dodging
 - Level 3.0 Stealth


You had 4 spell levels left.
You didn't know any spells.
Your spell library contained the following spells:

 Spells                   Type           Power      Damage    Failure   Level
 Necrotise                Necr           0%         1d4       19%         1
 Gell's Gravitas          Tloc           0%         N/A       45%         3
 Teleport Other           Tloc           0%         N/A       45%         3
 Vampiric Draining        Necr           0%         2d6       47%         3
 Agony                    Necr           0%         N/A       99%         5
 Dispersal                Tloc           0%         N/A       100%        6


Dungeon Overview and Level Annotations

Branches:
Dungeon (5/15)
 Temple: D:4-7

Altars:
Ashenzari
Fedhas
Okawaru
Qazlal

Shops:
D:1 :   D:4 [


Innate Abilities, Weirdness & Mutations

You have a pair of small antennae on your head.
You are partially covered in yellow scales. (AC +2)
You regenerate a little health from kills.


Message History

The gnoll sergeant hits you but does no damage.
You are more poisoned.
You feel much better.
You feel extremely sick. The gnoll sergeant closely misses you.
Fire: y) +4 sling "Shackled With Me" {drain, rElec, Range, Bglg} (curse)
Press: ? - help, Q - select action, (/) - cycle Shift-Dir - straight line, f/p - gnoll sergeant
Aim: a gnoll sergeant, wielding a +3 spear of venom, wearing a +0 scale mail and wearing a +0 kite shield (severely wounded, heavily drained, 75% to hit)
You shoot a sling bullet.
The sling bullet hits the gnoll sergeant but does no damage.
You drain the gnoll sergeant.
The gnoll sergeant is almost dead.
You feel extremely sick.
The gnoll sergeant hits you from afar with a +3 spear of venom.
Fire: y) +4 sling "Shackled With Me" {drain, rElec, Range, Bglg} (curse)
Press: ? - help, Q - select action, (/) - cycle Shift-Dir - straight line, f/p - gnoll sergeant
Aim: a gnoll sergeant, wielding a +3 spear of venom, wearing a +0 scale mail and wearing a +0 kite shield (almost dead, heavily drained, 75% to hit)
You shoot a sling bullet.
The sling bullet closely misses the gnoll sergeant.
You feel very sick.
The gnoll sergeant hits you but does no damage.
You are more poisoned.
Fire: y) +4 sling "Shackled With Me" {drain, rElec, Range, Bglg} (curse)
Press: ? - help, Q - select action, (/) - cycle Shift-Dir - straight line, f/p - gnoll sergeant
Aim: a gnoll sergeant, wielding a +3 spear of venom, wearing a +0 scale mail and wearing a +0 kite shield (almost dead, heavily drained, 75% to hit)
You shoot a sling bullet.
The sling bullet barely misses the gnoll sergeant.
* * * LOW HITPOINT WARNING * * *
You feel extremely sick.
The gnoll sergeant hits you from afar with a +3 spear of venom.
* * * LOW HITPOINT WARNING * * *
You are more poisoned.
Fire: y) +4 sling "Shackled With Me" {drain, rElec, Range, Bglg} (curse)
Press: ? - help, Q - select action, (/) - cycle Shift-Dir - straight line, f/p - gnoll sergeant
Aim: a gnoll sergeant, wielding a +3 spear of venom, wearing a +0 scale mail and wearing a +0 kite shield (almost dead, heavily drained, 75% to hit)
You shoot a sling bullet.
The sling bullet hits the gnoll sergeant but does no damage.
You drain the gnoll sergeant.
The gnoll sergeant is almost dead.
You die...

* #... .#.... ,
.##...###.#.... , , ,,
.)..........#,# ,
*#)†.?...h..#.. , , ,,,
#.$........... * ,.
*#............. ##.. ..
#..)g........ , , #... #.*
#....?....... ,, .....+.
#....@....... ,
.....#.###............ ,
...........#....###......
..........#..............
* , ,
.........................
,
.........................,
...###.#........<.........
#.#..#............... , ,,
* #.#.............##..#


You could see a gnoll sergeant (very drained) and a hound.

Vanquished Creatures
  An orc priest (D:5)
  A hound (D:5)
  An iguana (D:5)
  4 gnolls
  5 adders
  2 dart slugs
  3 orcs (D:5)
  5 endoplasms
  7 goblins
  7 hobgoblins
  5 jackals
  2 quokkas (D:3)
  8 ball pythons
  5 bats
  8 frilled lizards
  6 kobolds
  5 rats
  A spectral kobold (D:1)
76 creatures vanquished.

Notes
Turn   | Place    | Note
-------+----------+-------------------------------------------
     0 | D:1      | Newt the Demonspawn Gladiator began the quest for the Orb.
     0 | D:1      | Reached XP level 1. HP: 16/16 MP: 1/1
    62 | D:1      | Reached skill level 1 in Stealth
   162 | D:1      | Found a faded altar of an unknown god.
   167 | D:1      | Gained mutation: You regenerate a little health from kills.
                  | [demonic ancestry]
   167 | D:1      | Reached XP level 2. HP: 19/21 MP: 2/2
   179 | D:1      | Prayed at the altar of an unknown god.
   179 | D:1      | Became a worshipper of Ashenzari the Shackled
   518 | D:1      | Found Efuast's Book Shop.
   784 | D:2      | Gained mutation: You are partially covered in yellow
                  | scales. (AC +2) [demonic ancestry]
   784 | D:2      | Reached XP level 3. HP: 15/28 MP: 3/3
  1090 | D:2      | Reached XP level 4. HP: 35/35 MP: 4/4
  1150 | D:2      | Reached * piety under Ashenzari
  1612 | D:2      | Reached skill level 1 in Armour
  1700 | D:3      | Found an iron altar of Okawaru.
  1942 | D:3      | Identified the +4 sling of Dausmar {drain, rElec}
  1963 | D:3      | Reached ** piety under Ashenzari
  2382 | D:4      | Found Fayw Uba's Armour Shop.
  2525 | D:4      | Found a blossoming altar of Fedhas.
  2531 | D:4      | Found a stormy altar of Qazlal.
  2924 | D:5      | Entered Level 5 of the Dungeon
  2999 | D:5      | Reached skill level 1 in Ranged Weapons
  2999 | D:5      | Gained mutation: You have a pair of small antennae on your
                  | head. [demonic ancestry]
  2999 | D:5      | Reached XP level 5. HP: 42/42 MP: 5/5
  3071 | D:5      | Succumbed to a gnoll sergeant's poison

Illustrated notes

Levels and vault maps discovered:
D:1:      saegor_arrival_simple_a, layout_basic,
          dreamdust_ecumenical_altar_drowned_temple, serial_shops, shop_statue,
          minmay_lizard_pond
D:2:      layout_loops_corners, minmay_divided_ellipse
D:3:      layout_basic, okawaru_ov_weapons_minmay, minmay_close_crescents
D:4:      layout_loops_cross, grunt_temple_overflow_forces_of_nature,
          serial_shops, shop
D:5:      layout_basic, serial_shops, nicolae_lakefront_shop

Skill      XL: |  1  2  3  4  5 |
---------------+----------------+-----
Stealth        | 1 2 3 |  3.0
Fighting       | 3 |  3.2
Armour         | 1 |  1.5
Ranged Weapons | 1 3 |  3.0
Short Blades   | |  2.6
Throwing       | |  1.7
Dodging        | |  2.6

Action                   |  1- 3 |  4- 6 || total
-------------------------+-------+-------++-------
Melee: Rapier            |   149 |    99 ||   248
       Punch             |     1 |     1 ||     2
 Fire: Sling             |       |    62 ||    62
Throw: Javelin           |     1 |       ||     1
Invok: Curse Item        |     1 |     3 ||     4
  Use: Potion            |       |     3 ||     3
       Scroll            |       |     1 ||     1
 Stab: Sleeping          |     4 |     2 ||     6
Armor: Leather armour    |    72 |    75 ||   147
Dodge: Dodged            |   127 |    93 ||   220

Table legend: (Time is in decaauts)
 A = Elapsed time spent in this place.
 B = Non-inter-level travel time spent in this place.
 C = Inter-level travel time spent in this place.
 D = Time resting spent in this place.
 E = Time spent auto-exploring this place.
 F = Levels seen in this place.
 G = Mean time per level.
                   A        B        C        D        E       F      G
               +--------+--------+--------+--------+--------+-----+--------+
         Total |   3109 |   3030 |     79 |    142 |   2222 |   5 |  621.8 |
       Dungeon |   3109 |   3030 |     79 |    142 |   2222 |   5 |  621.8 |
               +--------+--------+--------+--------+--------+-----+--------+

Top non-repeatable levels by time:
     D:2: 1027 daAuts
     D:3: 704 daAuts
     D:1: 643 daAuts
     D:4: 577 daAuts
     D:5: 157 daAuts
